 Dungeon Crawl Stone Soup version 0.30.0-16-gbe6223bb7e (webtiles) character file.

Game seed: 8206800303872691575

4923 DemonSlayer the Geomancer (level 10, 0/66 HPs)
             Began as a Demonspawn Earth Elementalist on May 20, 2023.
             Was a Believer of Dithmenos.
             Slain by a five-headed hydra (8 damage)
             ... on level 8 of the Dungeon on May 21, 2023.
             The game lasted 00:20:53 (9622 turns).

DemonSlayer the Geomancer (DsEE)                    Turns: 9622, Time: 00:20:54

Health: 0/66       AC:  3    Str:  9    XL:     10   Next: 27%
Magic:  10/22      EV: 13    Int: 17    God:    Dithmenos [**....]
Gold:   297        SH:  0    Dex: 17    Spells: 12/25 levels left

rFire   . . .        n - +0 dagger
rCold   . . .        (no shield)
rNeg    . . .        a - +0 robe
rPois   .            (helmet unavailable)
rElec   .            (no cloak)
rCorr   .            w - +0 pair of gloves
SInv    +            (no boots)
Will    .....        r - amulet of magic regeneration
Stlth   ++++         e - +4 ring of slaying
HPRegen 0.31/turn    (no ring)
MPRegen 0.58/turn

%: no passive effects
@: wreathed by umbra
A: antennae 3, foul stench 1, spiny 1
a: Renounce Religion, Shadow Step


You were on level 8 of the Dungeon.
You worshipped Dithmenos.
Dithmenos was pleased with you.
You visited 1 branch of the dungeon, and saw 8 of its levels.

You collected 297 gold pieces.

Inventory:

Hand Weapons
 n - a +0 dagger (weapon)
 v - a +2 antimagic dagger
Missiles
 d - 9 boomerangs
 m - 9 javelins
 u - 3 curare-tipped darts
 x - 4 throwing nets
Armour
 a - a +0 robe (worn)
 w - a +0 pair of gloves (worn)
Jewellery
 e - a +4 ring of slaying (left hand)
 r - an amulet of magic regeneration (around neck)
Wands
 t - a wand of iceblast (10)
 z - a wand of paralysis (9)
 A - a wand of digging (6)
Scrolls
 q - a scroll of magic mapping
 s - 2 scrolls of enchant weapon {unknown}
 y - a scroll of enchant armour
Potions
 b - a potion of ambrosia {unknown}
 c - 3 potions of flight {unknown}
 f - 2 potions of mutation {unknown}
 g - 5 potions of curing
 i - 3 potions of brilliance {unknown}
 j - a potion of berserk rage {unknown}
 k - a potion of might {unknown}
 l - a potion of cancellation {unknown}
 o - a potion of heal wounds {unknown}
 p - 3 potions of attraction {unknown}


   Skills:
 + Level 1.5 Fighting
 + Level 1.7 Short Blades
 + Level 2.4 Throwing
 + Level 2.5 Dodging
 + Level 4.1 Stealth
 + Level 8.3 Spellcasting
 + Level 5.6 Conjurations
 + Level 1.1 Transmutations
 + Level 8.8 Earth Magic
 + Level 0.7 Evocations


You had 12 spell levels left.
You knew the following spells:

 Your Spells              Type           Power      Damage    Failure   Level
a - Sandblast             Erth           74%        2d16      1%          1
b - Passwall              Tmut/Erth      19%        N/A       1%          2
c - Stone Arrow           Conj/Erth      62%        3d10      1%          3
d - Petrify               Tmut/Erth      23%        N/A       13%         4
e - Teleport Other        Tloc           7%         N/A       30%         3

Your spell library contained the following spells:

 Spells                   Type           Power      Damage    Failure   Level
 Static Discharge         Conj/Air       32%        2-4/arc   4%          2
 Lesser Beckoning         Tloc           14%        N/A       16%         2
 Gell's Gravitas          Tloc           7%         N/A       30%         3
 Airstrike                Air            3%         2d(1-17)  71%         4
 Summon Lightning Spire   Summ/Air       7%         N/A       71%         4


Dungeon Overview and Level Annotations

Branches:
Dungeon (8/15)             Temple (0/1) D:7
   Lair: D:8-11

Altars:
Dithmenos
Hepliaklqana
Kikubaaqudgha
Makhleb
Nemelex Xobeh
Ru
Trog
Vehumet
Wu Jian
Yredelemnul

Shops:
D:2 !   D:3 [


Innate Abilities, Weirdness & Mutations

You have a pair of large antennae on your head. (SInv)
You may rarely emit foul miasma when damaged in melee.
You are partially covered in sharp spines.


Message History

Found 8 stones.
Things that are here:
2 curare-tipped darts; a throwing net A five-headed hydra is nearby!
u - 2 curare-tipped darts;
x - 4 throwing nets (gained 1)
u - 3 curare-tipped darts (gained 1)
A cyclops comes into view.
The five-headed hydra roars!
You hear a shout!
The stone arrow hits the five-headed hydra!!
The five-headed hydra is moderately wounded.
The stone arrow hits the five-headed hydra!
The five-headed hydra is moderately wounded.
The stone arrow hits the five-headed hydra!!
The five-headed hydra is severely wounded.
The five-headed hydra bites you. The five-headed hydra bites you! x3
The five-headed hydra completely misses you.
An orc wizard comes into view. It is wielding a +0 dagger.
Casting: Stone Arrow (safe; 1% risk of failure)
Confirm with . or Enter, or press ? or * to list all spells.
Aiming: Stone Arrow (safe; 1% risk of failure)
Press: ? - help, Shift-Dir - straight line, f/p - five-headed hydra
Aim: a five-headed hydra (severely wounded, umbra, 91% to hit)
The stone arrow hits the five-headed hydra!
The five-headed hydra is severely wounded.
The five-headed hydra bites you! The five-headed hydra bites you.
The five-headed hydra barely misses you.
The five-headed hydra bites you.
The five-headed hydra bites you but does no damage.
Casting: Stone Arrow (safe; 1% risk of failure)
Confirm with . or Enter, or press ? or * to list all spells.
Aiming: Stone Arrow (safe; 1% risk of failure)
Press: ? - help, Shift-Dir - straight line, f/p - five-headed hydra
Aim: a five-headed hydra (severely wounded, umbra, 91% to hit)
The stone arrow hits the five-headed hydra!
The five-headed hydra is almost dead.
The five-headed hydra is struck by your spines.
The five-headed hydra bites you!
* * * LOW HITPOINT WARNING * * *
The five-headed hydra bites you!
You die...

..#(#.... ..#.#...C .
........ ~[#♣
##...P.### o.♣
...~....#♣.
♣.###.(...###.♣
♣.....(.......♣
♣.....#.#.....♣
♣...D@# #.....♣
♣.~..÷###...~.♣
♣.....)♣......♣ ###
♣♣♣♣♣♣♣.♣ #.# ### ####
♣)♣### #.#♣♣.♣♣ ♣♣..♣
♣♣...♣ ##.#♣.♣.♣♣♣.♣.♣
♣)♣.♣
#....♣♣♣...♣♣)♣♣♣♣⌠♣.♣
#.)#♣.♣.♣♣♣♣.♣♣.♣.♣♣..
{


You could see a five-headed hydra and an orc wizard.

Vanquished Creatures
  A centaur warrior (D:8)
  A boulder beetle (D:8)
  A manticore (D:8)
  A komodo dragon (D:8)
  A yak (D:8)
  A steam dragon (D:8)
  2 water moccasins
  A black bear (shapeshifter) (D:8)
  2 orc warriors
  An ice beast (D:5)
  5 ogres
  2 centaurs
  A phantom (D:6)
  A kobold brigand (D:7)
  2 bullfrogs (D:7)
  2 scorpions
  3 wights
  3 gnoll boudas
  A hound (D:5)
  4 orc priests
  A jelly (D:6)
  3 iguanas
  6 sleepcaps
  8 orc wizards
  17 gnolls
  9 adders
  A shadow imp (D:6)
  2 worms
  2 dart slugs (D:2)
  33 orcs
  7 bats
  9 endoplasms
  3 giant cockroaches
  5 goblins
  11 hobgoblins
  3 jackals
  6 quokkas
  11 ball pythons
  5 frilled lizards
  5 kobolds
  4 rats
187 creatures vanquished.

Notes
Turn   | Place    | Note
-------+----------+-------------------------------------------
     0 | D:1      | DemonSlayer the Demonspawn Earth Elementalist began the
                  | quest for the Orb.
     0 | D:1      | Reached XP level 1. HP: 13/13 MP: 3/3
    58 | D:1      | Reached skill level 1 in Transmutations
   216 | D:1      | Gained mutation: You may rarely emit foul miasma when
                  | damaged in melee. [demonic ancestry]
   216 | D:1      | Reached XP level 2. HP: 5/19 MP: 0/5
  1247 | D:1      | Learned a level 2 spell: Passwall
  1326 | D:2      | Gained mutation: You have a pair of small antennae on your
                  | head. [demonic ancestry]
  1326 | D:2      | Reached XP level 3. HP: 24/24 MP: 3/6
  1577 | D:2      | Found Karri's Distillery.
  2078 | D:2      | Found a basalt altar of Yredelemnul.
  2212 | D:2      | Reached XP level 4. HP: 30/30 MP: 8/8
  2384 | D:2      | Learned a level 3 spell: Stone Arrow
  2650 | D:3      | Reached skill level 1 in Throwing
  2830 | D:3      | Gained mutation: You have a pair of antennae on your head.
                  | [demonic ancestry]
  2830 | D:3      | Reached XP level 5. HP: 36/36 MP: 9/9
  2907 | D:3      | Found a faded altar of an unknown god.
  2933 | D:3      | Found an ornate altar of the Wu Jian Council.
  3082 | D:3      | Found Wabolal's Armour Shoppe.
  3294 | D:3      | Learned a level 4 spell: Petrify
  3318 | D:4      | Found a sparkling altar of Nemelex Xobeh.
  3544 | D:4      | Found a burning altar of Makhleb.
  3627 | D:4      | Found a bloodstained altar of Trog.
  3629 | D:4      | Found a hazy altar of Hepliaklqana.
  3636 | D:4      | Found an ancient bone altar of Kikubaaqudgha.
  3641 | D:4      | Found a radiant altar of Vehumet.
  3644 | D:4      | Found a sacrificial altar of Ru.
  3648 | D:4      | Found a shadowy altar of Dithmenos.
  3652 | D:4      | Became a worshipper of Dithmenos the Shadowed
  3936 | D:4      | Gained mutation: You have a pair of large antennae on your
                  | head. (SInv) [demonic ancestry]
  3936 | D:4      | Reached XP level 6. HP: 28/42 MP: 6/11
  4538 | D:5      | Entered Level 5 of the Dungeon
  4544 | D:5      | Reached XP level 7. HP: 47/47 MP: 8/14
  4550 | D:5      | Reached skill level 5 in Earth Magic
  5013 | D:5      | Reached * piety under Dithmenos
  5059 | D:5      | Identified the +3 leather armour "Likhoiph" {+Inv rPois
                  | rCorr Str-5}
  5140 | D:6      | Reached skill level 5 in Spellcasting
  5400 | D:5      | Reached skill level 1 in Fighting
  5713 | D:5      | Reached skill level 1 in Conjurations
  5912 | D:5      | Gained mutation: You are partially covered in sharp spines.
                  | [demonic ancestry]
  5912 | D:5      | Reached XP level 8. HP: 54/54 MP: 9/16
  7683 | D:6      | Learned a level 3 spell: Teleport Other
  7821 | D:7      | Reached ** piety under Dithmenos
  7860 | D:7      | Reached XP level 9. HP: 59/59 MP: 12/18
  7886 | D:7      | Found a staircase to the Ecumenical Temple.
  9074 | D:8      | Reached skill level 1 in Short Blades
  9226 | D:8      | Noticed a manticore
  9229 | D:8      | Noticed a centaur warrior
  9230 | D:8      | Noticed a komodo dragon
  9236 | D:8      | Killed a centaur warrior
  9237 | D:8      | Killed a manticore
  9238 | D:8      | Reached skill level 5 in Conjurations
  9238 | D:8      | Reached XP level 10. HP: 26/66 MP: 15/22
  9245 | D:8      | Noticed a five-headed hydra
  9602 | D:8      | Noticed a boulder beetle
  9608 | D:8      | Killed a boulder beetle
  9615 | D:8      | Noticed a cyclops
  9622 | D:8      | Slain by a five-headed hydra

Illustrated notes

Levels and vault maps discovered:
D:1:      dpeg_arrival_central, layout_loops_corners, serial_glass,
          glass_columns_a, glass_columns_b, st_stairs_12
D:2:      layout_basic, serial_corexii_hall, corexii_hall_statues_deadend,
          corexii_hall_statues_t, serial_shops, shop, basic_altar,
          minmay_increasing_density
D:3:      layout_loops_ring, mainiacjoe_overflow_brackets, serial_shops,
          nicolae_shop_crystal, shapermc_ecumenical_altar_starsandcircs,
          minmay_distorted
D:4:      layout_basic, nicolae_overflow_hallway_of_the_gods,
          hangedman_decor_slide_cut
D:5:      layout_basic, mainiacjoe_overflow_24_doors
D:6:      layout_basic
D:7:      layout_loops_corners, minmay_temple_entry_crystal_x
D:8:      nzn_winding_woodlands_large [nzn_winding_woodlands_5x5_cross,
          nzn_winding_woodlands_5x15_jagged,
          nzn_winding_woodlands_5x5_closed_star,
          nzn_winding_woodlands_center_lodge,
          nzn_winding_woodlands_15x15_five_gardens,
          nzn_winding_woodlands_center_triple_pond,
          nzn_winding_woodlands_5x5_perimeter,
          nzn_winding_woodlands_5x15_crooked, nzn_winding_woodlands_hourglass],
          layout_rooms, erik_lair_orcish_takeover

Skill      XL: |  1  2  3  4  5  6  7  8  9 10 |
---------------+-------------------------------+-----
Transmutations | 1 |  1.1
Earth Magic    | 3 4 6 7 8 |  8.8
Spellcasting   | 3 4 5 6 8 |  8.3
Throwing       | 1 2 |  2.4
Stealth        | 2 3 4 |  4.1
Dodging        | 2 |  2.5
Fighting       | 1 |  1.5
Conjurations   | 1 3 5 |  5.6
Short Blades   | 1 |  1.7
Evocations     | |  0.7

Action                     |  1- 3 |  4- 6 |  7- 9 | 10-12 || total
---------------------------+-------+-------+-------+-------++-------
  Melee: Unarmed           |    11 |       |       |       ||    11
         Dagger            |       |     4 |     9 |       ||    13
  Throw: Javelin           |    25 |     5 |       |       ||    30
         Boomerang         |       |    36 |       |       ||    36
         Dart              |       |       |     4 |     5 ||     9
         Throwing net      |       |       |       |     1 ||     1
   Cast: Sandblast         |    42 |    69 |    42 |       ||   153
         Stone Arrow       |       |       |   129 |     9 ||   138
  Evoke: Wand              |       |       |     3 |       ||     3
    Use: Potion            |     1 |       |     6 |       ||     7
         Scroll            |     2 |     2 |     3 |       ||     7
   Stab: Sleeping          |       |     3 |     5 |       ||     8
 Armour: Robe              |     2 |    10 |     7 |     1 ||    20
  Dodge: Dodged            |    24 |    18 |    51 |     2 ||    95
